 Dungeon Crawl Stone Soup version 0.28.0-43-g3370ac3207 (webtiles) character file.

Game seed: 13178842981189632028

9218 croobank the Thaumaturge (level 11, -1/72 HPs)
             Began as a Gnoll Fire Elementalist on Mar 16, 2022.
             Was a Follower of Hepliaklqana.
             Slain by an orc warrior
             ... wielding a +0 morningstar
              (15 damage)
             ... on level 9 of the Dungeon.
             The game lasted 00:49:44 (11111 turns).

croobank the Thaumaturge (Gnoll Fire Elementalist) Turns: 11111, Time: 00:49:45

Health: -1/72      AC:  9    Str: 10    XL:     11   Next: 43%
Magic:  32/32      EV: 14    Int: 26    God:    Hepliaklqana [*.....]
Gold:   128        SH:  0    Dex: 13    Spells: 3/26 levels left

rFire   . . .      SeeInvis .   a - +9 quarterstaff (chaos)
rCold   . . .      Faith    .   (shield currently unavailable)
rNeg    + . .      Spirit   .   O - +0 acid dragon scales
rPois   .          Reflect  .   v - +0 hat "Regafes" {Int+4}
rElec   .          Harm     .   q - +1 cloak
rCorr   +          Rampage  .   (no gloves)
Will    +....                   (no boots)
Stlth   +++.......              f - amulet "Bach" {RegenMP rN+ Will+}
HPRegen 0.22/turn               l - +6 ring of intelligence
MPRegen 0.63/turn               n - ring of magical power

@: no status effects
A: reduced essence, fangs 1, strong nose, distributed training
a: Renounce Religion, Recall Ancestor, Ancestor Identity


You were on level 9 of the Dungeon.
You worshipped Hepliaklqana.
Hepliaklqana was aware of your devotion.
You visited 2 branches of the dungeon, and saw 11 of its levels.

You collected 452 gold pieces.
You spent 324 gold pieces at shops.

Inventory:

Hand Weapons
 a - a +9 quarterstaff of chaos (weapon)
 b - a +1 fustibalus of flaming
 j - a +2 dagger of draining
 r - a +3 hand axe of electrocution
 y - a +2 long sword of freezing
 M - the +4 flail "Giantbane" {drain, Dex+2}
   (You found it on level 6 of the Dungeon)

   A truly terrible weapon, it drains the life of any living foe it strikes.
   Dex:       It affects your dexterity (+2).
 N - a +1 vorpal war axe
 S - a +0 shortbow of flaming
Missiles
 c - 313 stones
 d - 81 bolts
 h - 8 poisoned darts
 p - 3 throwing nets
 s - 168 arrows
 t - 7 boomerangs
 w - 2 javelins
 z - a curare-tipped dart
 C - 11 sling bullets
Armour
 q - a +1 cloak (worn)
 v - the +0 hat "Regafes" (worn) {Int+4}
   (You acquired it on level 6 of the Dungeon)

   Int:       It affects your intelligence (+4).
 x - a +1 leather armour of cold resistance
 O - +0 acid dragon scales (worn)
 R - +0 ice dragon scales
Jewellery
 f - the amulet "Bach" (around neck) {RegenMP rN+ Will+}
   (You acquired it on level 2 of the Dungeon)

   [amulet of magic regeneration]

   It increases your rate of magic regeneration.
   rN:        It protects you from negative energy.
   Will:      It increases your willpower.
 g - a ring of resist corrosion
 l - a +6 ring of intelligence (left hand)
 m - a ring of wizardry
 n - a ring of magical power (right hand)
 B - a ring of magical power
 I - an amulet of regeneration
 X - a +6 ring of intelligence
 Y - an amulet of reflection
Wands
 o - a wand of acid (9)
 D - a wand of digging (4)
 G - a wand of paralysis (6) (quivered)
 J - a wand of flame (11)
Scrolls
 u - a scroll of identify
 E - a scroll of silence
 F - a scroll of enchant weapon
 K - 2 scrolls of fear
 Q - a scroll of fog
 V - 3 scrolls of teleportation
Potions
 e - 2 potions of cancellation
 i - a potion of berserk rage
 k - a potion of heal wounds
 A - 6 potions of curing
 H - 3 potions of might
 L - 3 potions of flight
 P - a potion of ambrosia
 W - a potion of lignification
 Z - a potion of haste


   Skills:
 + Level 6.3 Fighting
 + Level 6.3 Short Blades
 + Level 6.3 Long Blades
 + Level 6.3 Axes
 + Level 6.3 Maces & Flails
 + Level 6.3 Polearms
 + Level 6.3 Staves
 + Level 6.3 Slings
 + Level 6.3 Bows
 + Level 6.3 Crossbows
 + Level 6.3 Throwing
 + Level 6.3 Armour
 + Level 7.9 Dodging
 + Level 7.6 Stealth
 + Level 6.3 Shields
 + Level 6.3 Unarmed Combat
 + Level 8.1 Spellcasting
 + Level 5.7 Conjurations
 + Level 5.2 Hexes
 + Level 5.2 Summonings
 + Level 5.2 Necromancy
 + Level 5.2 Translocations
 + Level 5.2 Transmutations
 + Level 7.6 Fire Magic
 + Level 5.2 Ice Magic
 + Level 5.2 Air Magic
 + Level 5.2 Earth Magic
 + Level 5.2 Poison Magic
 + Level 6.9 Invocations
 + Level 6.3 Evocations


You had 3 spell levels left.
You knew the following spells:

 Your Spells              Type           Power      Damage    Failure   Level
a - Foxfire               Conj/Fire      100%       2x1d9     1%          1
b - Scorch                Fire           100%       2d10      1%          2
c - Flame Wave            Conj/Fire      45%        2d10      5%          4
d - Vampiric Draining     Necr           37%        2d8       3%          3
e - Ozocubu's Armour      Ice            37%        N/A       3%          3
f - Lightning Bolt        Conj/Air       19%        1d34      24%         5
g - Fireball              Conj/Fire      22%        3d10      16%         5

Your spell library contained the following spells:

 Spells                   Type           Power      Damage    Failure   Level
 Animate Skeleton         Necr           74%        N/A       1%          1
 Pain                     Necr           100%       1d9       1%          1
 Static Discharge         Conj/Air       39%        N/A       1%          2
 Sublimation of Blood     Necr           37%        N/A       1%          2
 Wereblood                Tmut           37%        N/A       1%          2
 Conjure Flame            Conj/Fire      45%        6-21      1%          3
 Inner Flame              Hex/Fire       44%        N/A       1%          3
 Stone Arrow              Conj/Erth      78%        3d11      2%          3
 Animate Armour           Summ/Erth      74%        N/A       10%         4
 Summon Lightning Spire   Summ/Air       37%        N/A       10%         4
 Iskenderun's Battlesphe  Conj           40%        2d9       22%         5
 Metabolic Englaciation   Hex/Ice        18%        N/A       26%         5
 Conjure Ball Lightning   Conj/Air       19%        3x3d6     80%         6
 Simulacrum               Ice/Necr       18%        N/A       83%         6
 Orb of Destruction       Conj           20%        9d8       100%        7
 Storm Form               Tmut/Air       18%        N/A       100%        7
 Summon Hydra             Summ           18%        N/A       100%        7
 Lehudib's Crystal Spear  Conj/Erth      19%        10d6      100%        8
 Maxwell's Capacitive Co  Air            18%        ∞         100%        8


Dungeon Overview and Level Annotations

Branches:
Dungeon (10/15)            Temple (1/1) D:7             Orc (0/2) D:10
   Lair: D:8-11

Altars:
Ashenzari
Cheibriados
Dithmenos
Elyvilon
Fedhas
Gozag
Hepliaklqana
Kikubaaqudgha
Makhleb
Nemelex Xobeh
Okawaru
Qazlal
Ru
Sif Muna
Trog
Uskayaw
Vehumet
Wu Jian
Xom
Yredelemnul
Zin
The Shining One

Shops:
D:9 *?*(   D:10 (


Innate Abilities, Weirdness & Mutations

Your life essence is reduced to manifest your ancestor. (-10% HP)
You have very sharp teeth.
Your uncanny sense of smell can sniff out nearby items.
Your experience applies equally to all skills.


Message History

The orc hits Xiuhtonal with a +0 whip.
Xiuhtonal closely misses the orc warrior.
The orc warrior hits you with a +0 morningstar.
The orc hits Xiuhtonal with a +0 whip.
Xiuhtonal hits the orc warrior but does no damage.
You see here a howler monkey corpse.
The orc hits Xiuhtonal with a +0 whip.
Xiuhtonal hits the orc!
The orc dies!
There is a stone staircase leading up here.
You hit the orc warrior.
The orc warrior suddenly seems more agile.
Your bite misses the orc warrior.
The orc warrior is severely wounded.
You hit the orc warrior.
The orc warrior is almost dead.
The gargoyle hurls a stone arrow at you.
The stone arrow hits you!
The orc warrior hits you with a +0 morningstar!
You miss the orc warrior. Your bite misses the orc warrior.
The orc warrior is almost dead.
The steam dragon breathes steam at you.
The ball of steam hits the orc wizard!
The orc wizard dies!
The ball of steam hits Xiuhtonal.
Xiuhtonal resists.
The ball of steam hits you!
* * * LOW HITPOINT WARNING * * *
The gargoyle hurls a stone arrow at you.
The stone arrow hits Xiuhtonal!
The orc warrior closely misses you.
You are engulfed in a cloud of scalding steam.
The orc warrior is engulfed in a cloud of scalding steam.
Xiuhtonal hits the gargoyle but does no damage.
The orc warrior hits you with a +0 morningstar.
* * * LOW HITPOINT WARNING * * *
You climb upwards.
There is a stone staircase leading down here.
You hit the orc warrior but do no damage.
The orc warrior is almost dead.
The orc warrior hits you with a +0 morningstar!
You die...

##### ##>..##
##.....###########
##.............o@.#
.........########.#
##≈≈≈....# #.#
≈≈≈....[## #.#
.≈.....## #.#
######## #.# #.#
#.# ########### #.#


You could see an orc warrior (agile).

Vanquished Creatures
  Harold (D:8)
  Pikel (D:6)
  Maggie (D:6)
  A troll (D:9)
  Grinder (D:3)
  2 wyverns (D:9)
  Sigmund (D:4)
  22 yaks
  A steam dragon (D:7)
  Menkaure (D:5)
  Duvessa (D:6)
  An ice beast (D:8)
  2 sky beasts
  A black bear (D:5)
  An ogre (D:4)
  A necrophage (D:7)
  2 centaurs
  3 phantoms
  2 kobold brigands
  Blork the orc (D:4)
  3 bullfrogs
  A wyvern zombie (D:5)
  3 scorpions
  Dowan (D:6)
  An electric eel (D:9)
  A howler monkey (D:10)
  2 bullfrog zombies
  2 centaur skeletons
  2 hounds
  3 centaur zombies
  4 bullfrog skeletons
  Crazy Yiuf (D:2)
  A gnoll shaman (D:7)
  3 orc priests
  2 jellies
  3 iguanas
  Terence (D:3)
  5 orc wizards
  2 howler monkey zombies
  18 gnolls
  A howler monkey skeleton (D:6)
  5 adders
  A shadow imp (D:5)
  A white imp (D:7)
  4 ufetubi
  4 worms
  2 dart slugs
  22 orcs
  7 bats
  6 endoplasms
  A giant cockroach (D:1)
  10 goblins
  15 hobgoblins
  3 jackals (D:4)
  3 quokkas
  11 ball pythons
  5 frilled lizards
  14 kobolds
  5 rats
226 creatures vanquished.

Vanquished Creatures (collateral kills)
  A two-headed ogre (D:9)
  A howler monkey (D:10)
  A centaur zombie (D:9)
  2 orcs (D:10)
  A kobold (D:9)
6 creatures vanquished.

Vanquished Creatures (others)
  An orc wizard (D:10)
  167 foxfires
168 creatures vanquished.

Grand Total: 400 creatures vanquished

Notes
Turn   | Place    | Note
-------+----------+-------------------------------------------
     0 | D:1      | croobank the Gnoll Fire Elementalist began the quest for
                  | the Orb.
     0 | D:1      | Reached XP level 1. HP: 13/13 MP: 6/6
   176 | D:1      | Reached XP level 2. HP: 16/19 MP: 5/7
   232 | D:1      | Learned a level 2 spell: Scorch
   370 | D:1      | Found a faded altar of an unknown god.
   890 | D:2      | Found a runed translucent door.
   891 | D:2      | Noticed Crazy Yiuf
   911 | D:2      | Reached XP level 3. HP: 25/25 MP: 7/9
   999 | D:2      | Reached skill level 5 in Spellcasting
  1231 | D:2      | Reached skill level 1 in Invocations
  1571 | D:2      | Reached skill level 1 in Fighting
  1571 | D:2      | Reached skill level 1 in Short Blades
  1571 | D:2      | Reached skill level 1 in Long Blades
  1571 | D:2      | Reached skill level 1 in Axes
  1571 | D:2      | Reached skill level 1 in Maces & Flails
  1571 | D:2      | Reached skill level 1 in Polearms
  1571 | D:2      | Reached skill level 1 in Staves
  1571 | D:2      | Reached skill level 1 in Slings
  1571 | D:2      | Reached skill level 1 in Bows
  1571 | D:2      | Reached skill level 1 in Crossbows
  1571 | D:2      | Reached skill level 1 in Throwing
  1571 | D:2      | Reached skill level 1 in Armour
  1571 | D:2      | Reached skill level 1 in Shields
  1571 | D:2      | Reached skill level 1 in Unarmed Combat
  1571 | D:2      | Reached skill level 1 in Evocations
  1574 | D:2      | Reached XP level 4. HP: 32/32 MP: 11/11
  1603 | D:2      | Reached skill level 1 in Hexes
  1603 | D:2      | Reached skill level 1 in Summonings
  1603 | D:2      | Reached skill level 1 in Necromancy
  1603 | D:2      | Reached skill level 1 in Translocations
  1603 | D:2      | Reached skill level 1 in Transmutations
  1603 | D:2      | Reached skill level 1 in Ice Magic
  1603 | D:2      | Reached skill level 1 in Air Magic
  1603 | D:2      | Reached skill level 1 in Earth Magic
  1603 | D:2      | Reached skill level 1 in Poison Magic
  1930 | D:2      | Learned a level 4 spell: Flame Wave
  1934 | D:2      | Learned a level 3 spell: Vampiric Draining
  2185 | D:2      | Identified a scroll of acquirement
  2185 | D:2      | Acquired the amulet "Bach" {RegenMP rN+ Will+}
  2198 | D:2      | Killed Crazy Yiuf
  2199 | D:2      | Reached XP level 5. HP: 14/37 MP: 12/12
  2502 | D:3      | Noticed Terence
  2507 | D:3      | Killed Terence
  2755 | D:3      | Noticed Grinder
  2758 | D:3      | Paralysed by Grinder for 3 turns
  2766 | D:3      | Killed Grinder
  2767 | D:3      | Reached skill level 5 in Dodging
  2767 | D:3      | Reached XP level 6. HP: 39/44 MP: 14/14
  2896 | D:4      | Reached XP level 7. HP: 20/50 MP: 15/15
  2903 | D:4      | Noticed Blork the orc
  3255 | D:4      | Noticed Sigmund
  3264 | D:4      | Killed Sigmund
  3265 | D:4      | Reached skill level 5 in Stealth
  3319 | D:4      | Acquired a +1 fustibalus of flaming
  3363 | D:4      | Killed Blork the orc
  3442 | D:4      | Reached XP level 8. HP: 57/57 MP: 16/16
  4050 | D:5      | Entered Level 5 of the Dungeon
  4053 | D:5      | Noticed Menkaure
  4059 | D:5      | Killed Menkaure
  4090 | D:5      | Reached skill level 6 in Spellcasting
  4352 | D:5      | Found a snail-covered altar of Cheibriados.
  4495 | D:5      | Learned a level 3 spell: Ozocubu's Armour
  4762 | D:5      | Learned a level 5 spell: Lightning Bolt
  5408 | D:6      | Reached XP level 9. HP: 65/65 MP: 18/18
  5436 | D:6      | Noticed Duvessa
  5436 | D:6      | Noticed Dowan
  5441 | D:6      | Noticed Pikel
  5443 | D:6      | Killed Dowan
  5445 | D:6      | Killed Duvessa
  5455 | D:6      | Killed Pikel
  5470 | D:6      | Identified the +4 flail "Giantbane" {drain, Dex+2}
  6570 | D:6      | Reached skill level 5 in Invocations
  6744 | D:6      | Acquired the +0 hat "Regafes" {Int+4}
  6895 | D:6      | Reached skill level 7 in Spellcasting
  6987 | D:6      | Noticed Maggie
  6995 | D:6      | Killed Maggie
  6996 | D:6      | Reached XP level 10. HP: 65/73 MP: 16/20
  7564 | D:7      | Reached skill level 5 in Fighting
  7564 | D:7      | Reached skill level 5 in Short Blades
  7564 | D:7      | Reached skill level 5 in Long Blades
  7564 | D:7      | Reached skill level 5 in Axes
  7564 | D:7      | Reached skill level 5 in Maces & Flails
  7564 | D:7      | Reached skill level 5 in Polearms
  7564 | D:7      | Reached skill level 5 in Staves
  7564 | D:7      | Reached skill level 5 in Slings
  7564 | D:7      | Reached skill level 5 in Bows
  7564 | D:7      | Reached skill level 5 in Crossbows
  7564 | D:7      | Reached skill level 5 in Throwing
  7564 | D:7      | Reached skill level 5 in Armour
  7564 | D:7      | Reached skill level 5 in Shields
  7564 | D:7      | Reached skill level 5 in Unarmed Combat
  7564 | D:7      | Reached skill level 5 in Evocations
  7783 | D:7      | Found a staircase to the Ecumenical Temple.
  7998 | Temple   | Entered the Ecumenical Temple
  8211 | Temple   | Became a worshipper of Hepliaklqana the Forgotten
  8627 | D:8      | Learned a level 5 spell: Fireball
  8664 | D:8      | Noticed Harold
  8684 | D:8      | Killed Harold
  8685 | D:8      | Reached skill level 5 in Conjurations
  9397 | D:9      | HP: 3/75 [yak (11)]
  9881 | D:9      | Reached XP level 11. HP: 63/81 MP: 22/22
  9896 | D:9      | Reached * piety under Hepliaklqana
 10258 | D:9      | Reached skill level 5 in Hexes
 10258 | D:9      | Reached skill level 5 in Summonings
 10258 | D:9      | Reached skill level 5 in Necromancy
 10258 | D:9      | Reached skill level 5 in Translocations
 10258 | D:9      | Reached skill level 5 in Transmutations
 10258 | D:9      | Reached skill level 5 in Ice Magic
 10258 | D:9      | Reached skill level 5 in Air Magic
 10258 | D:9      | Reached skill level 5 in Earth Magic
 10258 | D:9      | Reached skill level 5 in Poison Magic
 10262 | D:9      | Reached skill level 8 in Spellcasting
 10276 | D:9      | Noticed a two-headed ogre
 10282 | D:9      | Killed a two-headed ogre
 10544 | D:9      | Found Bylug's Assorted Antiques.
 10545 | D:9      | Found Ydytef's Assorted Antiques.
 10546 | D:9      | Found Laodoc's Magic Scroll Shoppe.
 10546 | D:9      | Found Xaynebev's Antique Weapon Emporium.
 10564 | D:9      | Bought a scroll of identify for 26 gold pieces
 10564 | D:9      | Bought a scroll of enchant weapon for 97 gold pieces
 10564 | D:9      | Bought a scroll of silence for 97 gold pieces
 10643 | D:9      | Bought a scroll of identify for 26 gold pieces
 10643 | D:9      | Bought 3 scrolls of identify for 78 gold pieces
 11056 | D:10     | Entered Level 10 of the Dungeon
 11056 | D:10     | Found a staircase to the Orcish Mines.
 11056 | D:10     | Found Yruexomp's Weapon Boutique.
 11111 | D:9      | Slain by an orc warrior

Illustrated notes

Levels and vault maps discovered:
D:1:      dpeg_arrival_three_smaller_balls, layout_rooms,
          basic_ecumenical_altar, chequers_serial_rivers_room_b,
          minmay_misc_feat_rows
D:2:      layout_loops_ring, uniq_crazy_yiuf_cottage
D:3:      layout_rooms, minivault_4, uniq_terence, uniq_grinder
D:4:      layout_cave_pods, minmay_crossroads, uniq_sigmund, uniq_blork_the_orc
D:5:      corexii_shantytown, layout_basic, kennysheep_slug_shrine,
          uniq_menkaure
D:6:      layout_loops_ring, kennysheep_generic_room_12, uniq_pikel,
          uniq_maggie, uniq_duvessa
D:7:      layout_cave_pools, minmay_temple_entry_large_hall, st_stairs_13
D:8:      layout_basic, uniq_harold
D:9:      layout_loops_ring, nicolae_wooded_promenade,
          chequers_serial_rivers_small_a
D:10:     layout_roguey, orc_david_3, minmay_misc_feat_square
Temple:   mainiacjoe_temple_archimedes_tessellation

Skill      XL: |  1  2  3  4  5  6  7  8  9 10 11 |
---------------+----------------------------------+-----
Conjurations   | 2 3 4 5 |  5.7
Spellcasting   | 5 6 7 8 |  8.1
Invocations    | 1 2 3 4 5 6 |  6.9
Fighting       | 1 2 3 4 5 6 |  6.3
Short Blades   | 1 2 3 4 5 6 |  6.3
Long Blades    | 1 2 3 4 5 6 |  6.3
Axes           | 1 2 3 4 5 6 |  6.3
Maces & Flails | 1 2 3 4 5 6 |  6.3
Polearms       | 1 2 3 4 5 6 |  6.3
Staves         | 1 2 3 4 5 6 |  6.3
Slings         | 1 2 3 4 5 6 |  6.3
Bows           | 1 2 3 4 5 6 |  6.3
Crossbows      | 1 2 3 4 5 6 |  6.3
Throwing       | 1 2 3 4 5 6 |  6.3
Armour         | 1 2 3 4 5 6 |  6.3
Shields        | 1 2 3 4 5 6 |  6.3
Unarmed Combat | 1 2 3 4 5 6 |  6.3
Evocations     | 1 2 3 4 5 6 |  6.3
Hexes          | 1 2 3 4 5 |  5.2
Summonings     | 1 2 3 4 5 |  5.2
Necromancy     | 1 2 3 4 5 |  5.2
Translocations | 1 2 3 4 5 |  5.2
Transmutations | 1 2 3 4 5 |  5.2
Ice Magic      | 1 2 3 4 5 |  5.2
Air Magic      | 1 2 3 4 5 |  5.2
Earth Magic    | 1 2 3 4 5 |  5.2
Poison Magic   | 1 2 3 4 5 |  5.2
Dodging        | 5 6 7 |  7.9
Stealth        | 5 6 7 |  7.6
Fire Magic     | 6 7 |  7.6

Action                   |  1- 3 |  4- 6 |  7- 9 | 10-12 || total
-------------------------+-------+-------+-------+-------++-------
Melee: Unarmed           |     7 |       |       |       ||     7
       Dagger            |    15 |     5 |     1 |       ||    21
       Bite              |     1 |     1 |     8 |     6 ||    16
       Quarterstaff      |       |       |   101 |    93 ||   194
 Fire: Fustibalus        |       |       |     5 |       ||     5
 Cast: Foxfire           |    33 |    12 |    34 |    22 ||   101
       Scorch            |    15 |    17 |    71 |    48 ||   151
       Vampiric Draining |       |     1 |    10 |     1 ||    12
       Flame Wave        |       |     1 |     9 |     6 ||    16
       Lightning Bolt    |       |       |     1 |       ||     1
       Ozocubu's Armour  |       |       |     2 |     2 ||     4
       Fireball          |       |       |       |     2 ||     2
Evoke: Wand              |       |       |       |     2 ||     2
  Use: Scroll            |       |     2 |    12 |    14 ||    28
       Potion            |       |     2 |     1 |       ||     3
 Stab: Sleeping          |     3 |       |     2 |     1 ||     6
       Confused          |       |       |     1 |       ||     1
       Distracted        |       |       |       |     1 ||     1
Armor: Robe              |     3 |     1 |    46 |       ||    50
       Acid dragon scale |       |       |       |    45 ||    45
Dodge: Dodged            |    12 |    21 |   124 |    87 ||   244
